 Dungeon Crawl Stone Soup version 0.28-a0-834-g1a73be5ee4 (webtiles) character file.

Game seed: 3442972700700197193

35 Ijustatesigmund the Skirmisher (level 3, -1/24 HPs)
             Began as a Gargoyle Fighter on Nov 11, 2021.
             Slain by Crazy Yiuf (6 damage)
             ... on level 2 of the Dungeon.
             The game lasted 00:02:24 (1749 turns).

Ijustatesigmund the Skirmisher (Gargoyle Fighter)   Turns: 1749, Time: 00:02:26

Health: -1/24      AC: 12    Str: 19    XL:     3   Next: 33%
Magic:  3/3        EV:  7    Int:  9    God:
Gold:   29         SH:  4    Dex:  9    Spells: 2/2 levels left

rFire   . . .      SeeInvis .   a - +0 flail
rCold   . . .      Faith    .   c - +0 buckler
rNeg    + . .      Spirit   .   b - +0 chain mail
rPois   ∞          Reflect  .   (no helmet)
rElec   +          Harm     .   (no cloak)
rCorr   .          Rampage  .   (no gloves)
Will    .....                   (no boots)
Stlth   ..........              (no amulet)
HPRegen 0.08/turn               (no ring)
MPRegen 0.08/turn               (no ring)

@: mighty
A: sickness immunity, AC +3, negative energy resistance 1, electricity
resistance, torment resistance 1, petrification resistance, mutation resistance
1
a: no special abilities


You were on level 2 of the Dungeon.
You visited 1 branch of the dungeon, and saw 2 of its levels.

You collected 29 gold pieces.

Inventory:

Hand Weapons
 a - a +0 flail (weapon)
Armour
 b - a +0 chain mail (worn)
 c - a +0 buckler (worn)
Scrolls
 h - 2 scrolls of teleportation {unknown}
Potions
 d - a potion of might


   Skills:
 + Level 4.1 Fighting
 + Level 2.9 Maces & Flails
 - Level 3.2 Armour
 - Level 3.2 Shields


You had 2 spell levels left.
You didn't know any spells.
Your spell library was empty.

Dungeon Overview and Level Annotations

Branches:
Dungeon (2/15)

Altars:

Annotations:
D:2 Crazy Yiuf, Robin


Innate Abilities, Weirdness & Mutations

You are immune to sickness and miasma.
Your stone body is resilient. (AC +3)
You are immune to poison.
You resist negative energy. (rN+)
You are resistant to electric shocks. (rElec)
You are resistant to unholy torment.
You are immune to petrification.
You are somewhat resistant to further mutation.


Message History

No target in view!
No target in view!
No target in view!
No target in view!
No target in view!
No target in view!
No target in view!
No target in view!
No target in view!
No target in view!
You start resting.
HP restored.
Found four maces.
Found five maces.
You see here a +0 mace.
You see here a +0 mace.
You see here a +0 mace.
You see here a +0 mace.
You see here a +0 mace.
You see here a +0 mace.
Found a mace.
Found a runed translucent door.
You open the door. You hit Crazy Yiuf.
Crazy Yiuf is lightly wounded.
Crazy Yiuf barely misses you.
You hit Crazy Yiuf but do no damage.
Crazy Yiuf is lightly wounded.
Crazy Yiuf hits you but does no damage. You block Crazy Yiuf's attack.
You sock Crazy Yiuf!
Crazy Yiuf is heavily wounded.
Crazy Yiuf hits you with a +4 quarterstaff of chaos.
You feel very mighty all of a sudden.
You sock Crazy Yiuf!
Crazy Yiuf is almost dead.
Crazy Yiuf grits, "Leather green canine!"
Crazy Yiuf hits you with a +4 quarterstaff of chaos!
Ouch! That really hurt!
* * * LOW HITPOINT WARNING * * *
Crazy Yiuf burns you.
You die...

#.# #........#
#......#
#.#####.###....#
###.####
#..............#
#.#
################
###.# #...# #.###
### ♣♣##..#
#)..#♣♣ ♣♣)))).#
#...g@♣♣♣♣))))..#
#...#♣..♣.)))))##
### ♣♣♣.♣.)))##
♣♣♣♣♣###


You could see Crazy Yiuf.

Vanquished Creatures
  A worm (D:2)
  A dart slug (D:1)
  An endoplasm (D:1)
  2 giant cockroaches (D:1)
  4 hobgoblins
  A kobold (D:2)
  2 quokkas (D:1)
  3 ball pythons (D:1)
  2 bats (D:1)
  3 frilled lizards (D:1)
  5 goblins (D:1)
  2 rats (D:1)
27 creatures vanquished.

Notes
Turn   | Place    | Note
-------+----------+-------------------------------------------
     0 | D:1      | Ijustatesigmund the Gargoyle Fighter began the quest for
                  | the Orb.
     0 | D:1      | Reached XP level 1. HP: 14/14 MP: 1/1
   438 | D:1      | Reached XP level 2. HP: 17/19 MP: 2/2
  1295 | D:2      | Noticed Robin
  1299 | D:1      | Reached XP level 3. HP: 18/24 MP: 3/3
  1303 | D:1      | Gained mutation: You are somewhat resistant to further
                  | mutation. [potion of mutation]
  1308 | D:1      | Reached skill level 4 in Fighting
  1741 | D:2      | Found a runed translucent door.
  1742 | D:2      | Noticed Crazy Yiuf
  1749 | D:2      | Slain by Crazy Yiuf

Illustrated notes

Levels and vault maps discovered:
D:1:      minmay_arrival_semitransparent, layout_rooms, grunt_decor_resistance
D:2:      layout_loops_corners, ebering_ecumenical_altar_box, serial_shops,
          shop_statue, uniq_jessica, uniq_crazy_yiuf_cottage, uniq_robin,
          uniq_terence

Skill      XL: |  1  2  3 |
---------------+----------+-----
Fighting       | 4 |  4.1
Maces & Flails | |  2.9
Armour         | |  3.2
Shields        | |  3.2

Action                   || total
-------------------------++-------
Melee: Flail             ||    97
  Use: Potion            ||     4
Armor: Scale mail        ||    33
       Chain mail        ||    47
Dodge: Dodged            ||    59
Block: Buckler           ||    19

Table legend: (Time is in decaauts)
 A = Elapsed time spent in this place.
 B = Non-inter-level travel time spent in this place.
 C = Inter-level travel time spent in this place.
 D = Time resting spent in this place.
 E = Time spent auto-exploring this place.
 F = Levels seen in this place.
 G = Mean time per level.
                   A        B        C        D        E       F      G
               +--------+--------+--------+--------+--------+-----+--------+
         Total |   1777 |   1722 |     55 |    556 |    896 |   2 |  888.5 |
       Dungeon |   1777 |   1722 |     55 |    556 |    896 |   2 |  888.5 |
               +--------+--------+--------+--------+--------+-----+--------+

Top non-repeatable levels by time:
     D:1: 1367 daAuts
     D:2: 410 daAuts
